 Dungeon Crawl Stone Soup version 0.22-a0-3-g4fa69d9a97 (webtiles) character file.

929 NixNut the Cleaver (level 7, 0/67 HPs)
             Began as a Deep Dwarf Fighter on Jan 1, 2018.
             Was an Initiate of Makhleb.
             Shot with an arrow by a centaur (6 damage)
             ... on level 7 of the Dungeon.
             The game lasted 00:18:11 (4237 turns).

NixNut the Cleaver (Deep Dwarf Fighter)             Turns: 4237, Time: 00:18:12

Health: 0/67       AC: 13    Str: 22    XL:     7   Next: 85%
Magic:  4/4        EV:  6    Int:  8    God:    Makhleb [......]
Gold:   267        SH:  5    Dex: 14    Spells: 6/6 levels left

rFire    . . .     SeeInvis .   a - +1 war axe
rCold    . . .     Gourm    .   z - +0 buckler
rNeg     . . .     Faith    .   s - +1 plate armour
rPois    .         Spirit   .   (no helmet)
rElec    .         Reflect  .   u - +0 cloak (curse)
rCorr    .         Harm     .   (no gloves)
MR       +....                  (no boots)
Stlth    ..........             (no amulet)
HPRegen  0.00/turn              k - ring of loudness (curse)
MPRegen  0.09/turn              p - +2 ring of dexterity

@: lethally poisoned (0 -> 0), non-regenerating
A: damage resistance, heal wounds, sense surroundings 1, no regeneration
a: Heal Wounds, Renounce Religion


You were on level 7 of the Dungeon.
You worshipped Makhleb.
Makhleb was noncommittal.
You were not hungry.

You visited 1 branch of the dungeon, and saw 7 of its levels.

You collected 267 gold pieces.

Inventory:

Hand Weapons
 a - a +1 war axe (weapon)
Armour
 b - a +0 scale mail
 c - a +0 shield
 s - a +1 plate armour (worn)
 u - a cursed +0 cloak (worn)
 y - a +3 leather armour
 z - a +0 buckler (worn)
Jewellery
 k - a cursed ring of loudness (left hand)
 p - a +2 ring of dexterity (right hand)
 v - an uncursed ring of stealth {unknown}
Wands
 q - a wand of disintegration (17)
Scrolls
 g - 6 scrolls of teleportation
 h - 2 scrolls of identify
 j - 2 scrolls of fear
 m - 3 scrolls of enchant armour
 t - a scroll of enchant weapon
Potions
 d - 2 potions of might
 e - 2 potions of curing {unknown}
 i - a potion of heal wounds {unknown}
 n - 2 potions of haste {unknown}
 o - 2 potions of lignification {unknown}
 r - a potion of degeneration {unknown}
 x - a potion of mutation {unknown}
Books
 l - a book of Flames

   Spells                             Type                      Level
   a - Flame Tongue                   Conjuration/Fire             1
   b - Throw Flame                    Conjuration/Fire             2
   c - Conjure Flame                  Conjuration/Fire             3
   d - Inner Flame                    Hexes/Fire                   3
   e - Sticky Flame                   Conjuration/Fire             4
   f - Fireball                       Conjuration/Fire             5
Comestibles
 f - 9 rations
 w - 10 chunks of flesh


   Skills:
 + Level 5.4 Fighting
 * Level 8.2 Axes
 - Level 3.2 Armour
 + Level 3.6 Shields


You had 6 spell levels left.
You didn't know any spells.

Dungeon Overview and Level Annotations

Branches:
Dungeon (7/15)
 Temple: D:4-7

Altars:
Cheibriados
Gozag
Makhleb
Sif Muna


Innate Abilities, Weirdness & Mutations

You are resistant to damage.
You can heal yourself by infusing magical energy.
You passively map a small area around you.
You do not regenerate.


Message History

You see here an arrow.
The centaur wields a shortbow.
The centaur shoots an arrow.
The arrow hits you.
* * * LOW HITPOINT WARNING * * *
You see here an arrow.
You slash the centaur!
The centaur is severely wounded.
The centaur shoots an arrow.
You block the arrow.
The centaur unwields an uncursed shortbow of freezing.
The centaur hits you.
* * * LOW HITPOINT WARNING * * *
The centaur shoots an arrow.
The arrow hits you but does no damage.
The centaur wields an uncursed shortbow of freezing.
It is covered in frost.
The centaur shoots an arrow.
The arrow hits you!
* * * LOW HITPOINT WARNING * * *
The arrow freezes you.
The centaur shoots an arrow.
The arrow hits you.
* * * LOW HITPOINT WARNING * * *
There is an open door, spattered with blood here.
You see here 2 arrows.
The centaur shoots an arrow.
The arrow hits you!
You die...

, * ##.######.#
#......##c# *,
#......##.#######*
*
#......##........,
#......##........
,
#......##........
#......##........
** *#(.@(c.......
, , *#.###........
* , #.# #........
** ,, * #>#
#........ * ,* , ,
#.# #........ #.#
###+##### * , , ,
#.# , #.# , , *
... ,#.# ,


You could see a centaur.

Vanquished Creatures
  A phantom (D:4)
  An ogre (D:7)
  A sky beast (D:4)
  A scorpion (D:6)
  A howler monkey (D:5)
  2 crimson imps
  An orc priest (D:7)
  A hound (D:6)
  A bullfrog skeleton (D:4)
  Ijyb (D:4)
  2 iguanas
  An orc wizard (D:7)
  4 worker ants
  Robin (D:3)
  9 adders
  4 oozes
  An adder skeleton (D:5)
  A worm (D:2)
  5 leopard geckos
  19 orcs
  2 ball pythons
  4 giant cockroaches
  9 goblins
  12 hobgoblins
  3 quokkas
  5 bats
  3 frilled lizards
  A giant cockroach zombie (D:5)
  7 kobolds
  2 rats
106 creatures vanquished.

Notes
Turn   | Place    | Note
-------+----------+-------------------------------------------
     0 | D:1      | NixNut the Deep Dwarf Fighter began the quest for the Orb.
     0 | D:1      | Reached XP level 1. HP: 20/20 MP: 1/1
   157 | D:1      | Reached XP level 2. HP: 17/27 MP: 2/2
   372 | D:1      | Reached skill level 3 in Axes
   805 | D:2      | Found a snail-covered altar of Cheibriados.
   859 | D:2      | Reached XP level 3. HP: 17/34 MP: 3/3
  1357 | D:3      | Reached skill level 4 in Axes
  1651 | D:3      | Reached XP level 4. HP: 38/42 MP: 4/4
  1693 | D:3      | Found a deep blue altar of Sif Muna.
  1938 | D:3      | Noticed Robin
  1942 | D:3      | Killed Robin
  2257 | D:4      | Reached XP level 5. HP: 40/50 MP: 4/4
  2284 | D:4      | Reached skill level 5 in Axes
  2302 | D:4      | Noticed a phantom
  2320 | D:4      | Killed a phantom
  2320 | D:4      | Reached XP level 6. HP: 35/57 MP: 5/5
  2497 | D:4      | Noticed Ijyb
  2512 | D:4      | Killed Ijyb
  2512 | D:4      | Reached skill level 6 in Axes
  2818 | D:5      | Entered Level 5 of the Dungeon
  2876 | D:5      | Noticed a sky beast
  2890 | D:4      | Killed a sky beast
  2923 | D:5      | Reached XP level 7. HP: 45/66 MP: 5/5
  3043 | D:5      | Reached skill level 7 in Axes
  3606 | D:6      | Reached skill level 5 in Fighting
  3927 | D:6      | Found a burning altar of Makhleb.
  3929 | D:6      | Found an opulent altar of Gozag.
  4052 | D:6      | Became a worshipper of Makhleb the Destroyer
  4134 | D:7      | Reached skill level 8 in Axes
  4237 | D:7      | Shot with an arrow by a centaur

Vault maps used:
D:1:      dpeg_arrival_stonehenge_8_columns
D:2:      cheibriados_altar_1
D:3:      old_standard_altar, uniq_robin
D:4:      first_ration, corexii_shack, uniq_ijyb
D:6:      nicolae_overflow_hidden_temple, minmay_temple_entry_junction_2,
          hex_medium
D:7:      lemuel_crystal_altar

Skill      XL: |  1  2  3  4  5  6  7 |
---------------+----------------------+-----
Axes           | 3 4 5 6 8 |  8.2
Fighting       | 3 4 5 |  5.4
Armour         | |  3.2
Shields        | |  3.6

Action                   |  1- 3 |  4- 6 |  7- 9 || total
-------------------------+-------+-------+-------++-------
Melee: War axe           |   108 |   142 |   122 ||   372
 Abil: Heal Wounds       |     1 |     2 |     4 ||     7
  Use: Scroll            |     2 |     4 |     6 ||    12
       Potion            |       |     1 |       ||     1
  Eat: Chunk             |     2 |     2 |     4 ||     8
       Ration            |       |     1 |       ||     1
Armor: Scale mail        |    58 |    56 |       ||   114
       Plate armour      |       |    16 |    73 ||    89
Dodge: Dodged            |    72 |    56 |    41 ||   169
Block: Buckler           |       |       |     5 ||     5

Table legend:
 A = Spawn XP
 B = Non-spawn XP
 C = Spawn XP percentage of total XP
 D = Spawn monster count
 E = Non-spawn monster count
 F = Spawn count percentage of total count
 G = Total turns spent on level
                    A         B        C        D         E        F      G
               +---------+---------+-------+---------+---------+-------+---------
         Total |       0 |    1328 |   0.0 |       0 |     106 |   0.0 |  4237
               +---------+---------+-------+---------+---------+-------+---------
           D:1 |       0 |      37 |   0.0 |       0 |      19 |   0.0 |   805
           D:2 |       0 |      37 |   0.0 |       0 |      12 |   0.0 |   532
           D:3 |       0 |     119 |   0.0 |       0 |      24 |   0.0 |   908
           D:4 |       0 |     454 |   0.0 |       0 |      16 |   0.0 |   605
           D:5 |       0 |     246 |   0.0 |       0 |      16 |   0.0 |   736
           D:6 |       0 |     178 |   0.0 |       0 |       5 |   0.0 |   447
           D:7 |       0 |     257 |   0.0 |       0 |      14 |   0.0 |   204
               +---------+---------+-------+---------+---------+-------+---------
